 Dungeon Crawl Stone Soup version 0.26-a0-540-g8a0c9464d7 (webtiles) character file.

Game seed: 54969502354854810

67 Inarius the Skirmisher (level 4, -3/38 HPs)
             Began as a Mummy Wanderer on Aug 23, 2020.
             Slain by a quokka (5 damage)
             ... on level 2 of the Dungeon.
             The game lasted 00:01:07 (1241 turns).

Inarius the Skirmisher (Mummy Wanderer)             Turns: 1241, Time: 00:01:07

Health: -3/38      AC:  3    Str: 16    XL:     4   Next: 0%
Magic:  4/4        EV: 11    Int: 10    God:
Gold:   63         SH:  0    Dex: 12    Spells: 3/3 levels left

rFire    x . .     SeeInvis .   a - +0 quarterstaff
rCold    + . .     Faith    .   (shield currently unavailable)
rNeg     + + +     Spirit   .   c - +0 leather armour
rPois    ∞         Reflect  .   (no helmet)
rElec    .         Harm     .   (no cloak)
rCorr    .                      (no gloves)
MR       .....                  (no boots)
Stlth    +.........             (no amulet)
HPRegen  0.12/turn              (no ring)
MPRegen  0.09/turn              (no ring)

@: no status effects
A: no potions, fire vulnerability, cold resistance 1, negative energy resistance
3, torment resistance, unbreathing
a: no special abilities


You were on level 2 of the Dungeon.
You visited 1 branch of the dungeon, and saw 2 of its levels.

You collected 63 gold pieces.

Inventory:

Hand Weapons
 a - a +0 quarterstaff (weapon)
Missiles
 b - 4 throwing nets (quivered)
Armour
 c - a +0 leather armour (worn)
 e - a cursed -1 buckler
Scrolls
 d - 3 scrolls of teleportation
 f - a scroll of magic mapping {unknown}


   Skills:
 + Level 4.4 Fighting
 - Level 1.5 Staves
 + Level 1.8 Armour
 - Level 1.5 Dodging
 - Level 1.0 Stealth
 + Level 1.1 Shields


You had 3 spell levels left.
You didn't know any spells.
Your spell library was empty.

Dungeon Overview and Level Annotations

Branches:
Dungeon (2/15)

Altars:


Innate Abilities, Weirdness & Mutations

You do not drink.
Your flesh is vulnerable to fire.
You are immune to poison.
Your flesh is cold resistant. (rC+)
You are immune to negative energy. (rN+++)
You are immune to unholy pain and torment.
You can survive without breathing.


Message History

The adder completely misses you. The adder misses you.
You miss the adder.
The adder is heavily wounded.
The adder bites you.
* * * LOW HITPOINT WARNING * * *
You closely miss the adder.
The adder is heavily wounded.
The adder bites you.
* * * LOW HITPOINT WARNING * * *
The adder barely misses you.
You hit the adder.
You kill the adder!
You have reached level 4!
The quokka completely misses you.
You barely miss the quokka. The quokka bites you.
* * * LOW HITPOINT WARNING * * *
You closely miss the quokka. The quokka barely misses you.
The quokka bites you but does no damage.
You closely miss the quokka. The quokka bites you.
You die...

##.........#..
...##.............
##..................
##..#...<....!.....>.
.......#..............
............>........
#.#<................
###...#...............
......r@..............
.#..####..............
#........[.......
##..#.....)........
....#..............
..##.##.........#...
......##............
#................
....###<........#..


You could see a quokka.

Vanquished Creatures
  Jessica (D:2)
  An adder (D:2)
  A leopard gecko (D:1)
  A giant cockroach (D:1)
  3 goblins
  2 hobgoblins (D:1)
  3 jackals (D:1)
  A quokka (D:2)
  4 bats (D:1)
  3 frilled lizards
  6 kobolds (D:1)
  6 rats (D:1)
32 creatures vanquished.

Notes
Turn   | Place    | Note
-------+----------+-------------------------------------------
     0 | D:1      | Inarius the Mummy Wanderer began the quest for the Orb.
     0 | D:1      | Inarius set off with the following items: a +0
                  | quarterstaff, 4 throwing nets, a +0 leather armour, a
                  | scroll of teleportation
     0 | D:1      | Reached XP level 1. HP: 18/18 MP: 1/1
   259 | D:1      | Reached XP level 2. HP: 17/24 MP: 2/2
  1097 | D:1      | Reached skill level 4 in Fighting
  1097 | D:1      | Reached XP level 3. HP: 28/30 MP: 3/3
  1204 | D:2      | Noticed Jessica
  1217 | D:2      | Killed Jessica
  1238 | D:2      | Reached XP level 4. HP: 3/38 MP: 4/4
  1241 | D:2      | Slain by a quokka

Illustrated notes

Levels and vault maps discovered:
D:1:      lemuel_arrival_lava_pool, layout_basic, minmay_pentomino_x2
D:2:      layout_rooms, lemuel_round_altar, uniq_terence, uniq_natasha,
          uniq_jessica

Skill      XL: |  1  2 |
---------------+-------+-----
Fighting       | 4 |  4.4
Staves         | |  1.5
Armour         | |  1.8
Dodging        | |  1.5
Stealth        | |  1.0
Shields        | |  1.1

Action                   |  1- 3 |  4- 6 || total
-------------------------+-------+-------++-------
Melee: Quarterstaff      |    91 |     3 ||    94
 Stab: Sleeping          |     3 |       ||     3
Armor: Leather armour    |    25 |     1 ||    26
Dodge: Dodged            |    60 |     2 ||    62

Table legend: (Time is in decaauts)
 A = Elapsed time spent in this place.
 B = Non-inter-level travel time spent in this place.
 C = Inter-level travel time spent in this place.
 D = Time resting spent in this place.
 E = Time spent auto-exploring this place.
 F = Levels seen in this place.
 G = Mean time per level.
                   A        B        C        D        E       F      G
               +--------+--------+--------+--------+--------+-----+--------+
         Total |   1261 |   1199 |     62 |      0 |    975 |   2 |  630.5 |
       Dungeon |   1261 |   1199 |     62 |      0 |    975 |   2 |  630.5 |
               +--------+--------+--------+--------+--------+-----+--------+

Top non-repeatable levels by time:
     D:1: 1213 daAuts
     D:2: 47 daAuts
